 Dungeon Crawl Stone Soup version 0.21-a0-221-gfe971b9 (webtiles) character file.

3091 Moloch the Spear-Bearer (level 9, -1/66 HPs)
             Began as a Mummy Fighter on Aug 26, 2017.
             Was a Priest of Okawaru.
             Killed by the air
             ... invoked by Gastronok
              (14 damage)
             ... on level 8 of the Dungeon.
             The game lasted 00:13:41 (7995 turns).

Moloch the Spear-Bearer (Mummy Fighter)             Turns: 7995, Time: 00:13:42

Health: -1/66      AC: 14    Str: 20    XL:     9   Next: 59%
Magic:  10/11      EV:  8    Int:  7    God:    Okawaru [***...]
Gold:   383        SH:  0    Dex: 14    Spells: 8/8 levels left

rFire    . . .     SeeInvis .   p - +2 halberd (elec)
rCold    + . .     Gourm    .   (shield currently unavailable)
rNeg     + + +     Faith    .   d - +0 plate armour
rPois    ∞         Spirit   .   (no helmet)
rElec    .         Reflect  .   j - +0 cloak
rCorr    .         Harm     .   (no gloves)
MR       +....                  (no boots)
Stlth    ..........             (no amulet)
HPRegen  0.21/turn              g - ring of protection from fire
MPRegen  0.12/turn              (no ring)

@: heroism
A: no food or potions, fire vulnerability, cold resistance 1, negative energy
resistance 3, torment resistance, unbreathing
a: Heroism, Renounce Religion


You were on level 8 of the Dungeon.
You worshipped Okawaru.
Okawaru was most pleased with you.
You were not hungry.

You visited 1 branch of the dungeon, and saw 8 of its levels.
You also visited: Bailey.

You collected 383 gold pieces.

Inventory:

Hand Weapons
 a - a +1 trident
 p - a +2 halberd of electrocution (weapon)
Armour
 c - a +0 shield
 d - a +0 plate armour (worn)
 j - a +0 cloak (worn)
Jewellery
 g - a ring of protection from fire (left hand)
Wands
 m - a wand of lightning (0/15)
 o - a wand of acid (0/15)
Scrolls
 b - a scroll of magic mapping
 e - 2 scrolls of remove curse
 f - 3 scrolls of enchant weapon
 h - 3 scrolls of teleportation
 i - 2 scrolls of recharging {unknown}
 k - a scroll of blinking
 l - 3 scrolls of enchant armour
 n - 2 scrolls of fear {unknown}
 q - a scroll of fog
 r - a scroll of identify


   Skills:
 - Level 4.5(9.5) Fighting
 + Level 10.6(15.6) Polearms
 - Level 2.4(7.4) Armour
 - Level 2.4(7.4) Shields
 - Level 2.7 Invocations


You had 8 spell levels left.
You didn't know any spells.

Dungeon Overview and Level Annotations

Branches:
Dungeon (8/15)             Temple (0/1) D:4            Lair (0/6) D:8

Altars:
Ashenzari
Dithmenos
Okawaru
Xom
Yredelemnul
Zin

Shops:
D:6 [

Annotations:
D:7 exclusion: ice statue
D:8 Gastronok; pedritolo's ghost, novice DECK


Innate Abilities, Weirdness & Mutations

You do not eat or drink.
Your flesh is vulnerable to fire.
You are immune to poison.
Your flesh is cold resistant. (rC+)
You are immune to negative energy. (rN+++)
You are immune to unholy pain and torment.
You can survive without breathing.


Message History

Gastronok is heavily wounded.
You puncture Gastronok! Lightning courses through Gastronok!
Gastronok is severely wounded.
Gastronok sloshes about.
Gastronok bites you!
You hit Gastronok.
Gastronok is severely wounded.
You hit Gastronok but do no damage.
Gastronok is severely wounded.
You slash Gastronok!
Gastronok is severely wounded.
Gastronok bites you!
* * * LOW HITPOINT WARNING * * *
You hit Gastronok.
Gastronok is severely wounded.
You impale Gastronok!!
Gastronok is almost dead.
Gastronok waves his eye-stalks in wide circles.
The air twists around and strikes you!
You die...

.........#
#.......##
#........########
#......).........
#.......#........
#.......#........
#.......#........
#########........
#......@w........
#................
#...............#
#...............+
#...............#
#...............#
#...............#
#...............
#........######


You could see Gastronok.

Vanquished Creatures
  An orc knight (Bailey)
  Psyche (D:8)
  A troll (D:7)
  An ice beast (D:5)
  2 sky beasts (D:7)
  A necrophage (D:5)
  2 centaurs
  4 ogres
  2 bullfrogs
  A scorpion (D:6)
  3 crimson imps
  Crazy Yiuf (D:5)
  A bullfrog skeleton (D:5)
  2 hounds
  A centaur skeleton (D:5)
  An iguana (D:4)
  Natasha (twice) (D:4)
  7 orc wizards
  6 worker ants
  2 hound zombies
  A hound skeleton (D:4)
  2 worker ant zombies
  12 gnolls (Bailey)
  11 adders
  2 shadow imps (D:5)
  An ooze (D:1)
  A worm (D:2)
  A dart slug (D:3)
  7 leopard geckos
  17 orcs
  7 bats
  2 giant cockroaches
  26 hobgoblins
  3 jackals
  A quokka (D:2)
  A ball python (D:3)
  17 goblins
  15 kobolds
  A leopard gecko skeleton (D:7)
  A quokka zombie (D:5)
  6 rats
  A spectral orc (D:2)
178 creatures vanquished.

Notes
Turn   | Place    | Note
-------+----------+-------------------------------------------
     0 | D:1      | Moloch the Mummy Fighter began the quest for the Orb.
     0 | D:1      | Reached XP level 1. HP: 18/18 MP: 1/1
   242 | D:1      | Reached skill level 2 in Polearms
   342 | D:1      | Reached XP level 2. HP: 21/24 MP: 2/2
   969 | D:2      | Reached skill level 3 in Polearms
   969 | D:2      | Reached XP level 3. HP: 18/29 MP: 3/3
  1168 | D:2      | Found a basalt altar of Yredelemnul.
  1276 | D:2      | Reached XP level 4. HP: 32/35 MP: 4/4
  1888 | D:3      | Found a shadowy altar of Dithmenos.
  1941 | D:3      | Reached skill level 4 in Polearms
  2042 | D:3      | Found an iron altar of Okawaru.
  2048 | D:3      | Reached XP level 5. HP: 40/41 MP: 5/5
  2057 | D:3      | Became a worshipper of Warmaster Okawaru
  2489 | D:4      | Noticed Natasha
  2501 | D:4      | Killed Natasha
  2501 | D:4      | Reached skill level 5 in Polearms
  2519 | D:4      | Noticed Natasha
  2539 | D:4      | Killed Natasha
  2539 | D:4      | Reached skill level 1 in Invocations
  2539 | D:4      | Reached XP level 6. HP: 36/47 MP: 6/6
  2932 | D:4      | Reached * piety under Okawaru
  2942 | D:4      | Found a staircase to the Ecumenical Temple.
  2974 | D:4      | Reached skill level 6 in Polearms
  2974 | D:4      | Reached XP level 7. HP: 25/52 MP: 8/8
  3408 | D:5      | Entered Level 5 of the Dungeon
  3580 | D:5      | Found a runed door.
  3782 | D:5      | Reached skill level 7 in Polearms
  3841 | D:5      | Reached ** piety under Okawaru
  3879 | D:5      | Reached XP level 8. HP: 35/58 MP: 8/10
  4780 | D:5      | Reached skill level 8 in Polearms
  4901 | D:5      | Noticed Crazy Yiuf
  4905 | D:5      | Killed Crazy Yiuf
  5689 | D:6      | Found Oxisykic's Armour Emporium.
  5912 | D:7      | Found a flagged portal.
  6052 | Bailey   | Entered a bailey
  6092 | Bailey   | Reached skill level 9 in Polearms
  6331 | Bailey   | Noticed Shiggs's ghost (novice TrWr)
  6332 | Bailey   | Noticed an orc knight
  6631 | Bailey   | Killed an orc knight
  6631 | Bailey   | Reached *** piety under Okawaru
  6631 | Bailey   | Reached XP level 9. HP: 32/66 MP: 9/11
  7445 | D:7      | Found a shattered altar of Ashenzari.
  7458 | D:7      | Found a shimmering altar of Xom.
  7459 | D:7      | Found a shimmering altar of Xom.
  7459 | D:7      | Found a shimmering altar of Xom.
  7461 | D:7      | Found a shimmering altar of Xom.
  7471 | D:7      | Noticed an ice statue
  7591 | D:7      | Found a glowing silver altar of Zin.
  7743 | D:7      | Noticed a troll
  7750 | D:7      | Killed a troll
  7750 | D:7      | Reached skill level 10 in Polearms
  7775 | D:7      | Found a shimmering altar of Xom.
  7775 | D:7      | Noticed a komodo dragon
  7776 | D:7      | Found a shimmering altar of Xom.
  7796 | D:7      | a komodo dragon changed into something unseen
  7831 | D:8      | Found a staircase to the Lair.
  7887 | D:8      | Noticed pedritolo's ghost (novice DECK)
  7917 | D:8      | Noticed Psyche
  7923 | D:8      | Killed Psyche
  7931 | D:8      | Noticed Gastronok
  7995 | D:8      | Killed from afar by Gastronok

Vault maps used:
D:1:      evilmike_arrival_hilbert_curve, minmay_misc_feat_hallway,
          wad_floor_pattern_2
D:2:      yredelemnul_forgotten_temple_becter, kennysheep_another_room,
          grunt_decor_cap, minmay_tromino_i2
D:3:      kennysheep_okawaru_gauntlet, marbit_many_paths, first_bread,
          roderic_roman_lattice
D:4:      minmay_temple_entry_junction, uniq_natasha
D:5:      kennysheep_opposing_triangles, uniq_crazy_yiuf_cottage
D:6:      serial_glass, glass_columns_b, glass_columns_a,
          minmay_strange_pillars, item_on_display_a, serial_shops, shop
D:7:      lemuel_ice_statue, zin_treasury, cheibrodos_ashenzari_chains,
          enter_bailey_3, grunt_ogre_cave, xom_shifter_show
D:8:      lemuel_doored_altar, lair_entry_dummy, uniq_maurice, uniq_psyche,
          uniq_gastronok, uniq_pikel
Bailey:   bailey_axe_2, bailey

Skill      XL: |  1  2  3  4  5  6  7  8  9 |
---------------+----------------------------+-----
Polearms       | 2 3 4 5 6 7 9 10 | 10.6
Invocations    | 1 2 |  2.7
Fighting       | 4 |  4.5
Armour         | |  2.4
Shields        | |  2.4

Action                   |  1- 3 |  4- 6 |  7- 9 || total
-------------------------+-------+-------+-------++-------
Melee: Trident           |   162 |   267 |   332 ||   761
       Halberd           |       |       |   137 ||   137
Invok: Heroism           |       |       |     9 ||     9
Evoke: Wand              |       |     2 |    10 ||    12
  Use: Scroll            |       |     3 |     8 ||    11
Armor: Plate armour      |    99 |   108 |   231 ||   438
       Scale mail        |     9 |       |       ||     9
Dodge: Dodged            |    23 |    19 |    63 ||   105
Block: Shield            |    71 |    99 |   116 ||   286

Table legend:
 A = Spawn XP
 B = Non-spawn XP
 C = Spawn XP percentage of total XP
 D = Spawn monster count
 E = Non-spawn monster count
 F = Spawn count percentage of total count
 G = Total turns spent on level
                    A         B        C        D         E        F      G
               +---------+---------+-------+---------+---------+-------+---------
         Total |     437 |    3979 |   9.9 |      12 |     166 |   6.7 |  7995
               +---------+---------+-------+---------+---------+-------+---------
           D:1 |       3 |      35 |   7.9 |       2 |      18 |  10.0 |   937
           D:2 |       3 |     101 |   2.9 |       2 |      27 |   6.9 |   934
           D:3 |       0 |     125 |   0.0 |       0 |      22 |   0.0 |   526
           D:4 |     112 |     425 |  20.9 |       1 |      18 |   5.3 |  1011
           D:5 |     151 |     913 |  14.2 |       3 |      23 |  11.5 |  1518
           D:6 |      14 |     345 |   3.9 |       1 |       9 |  10.0 |   916
           D:7 |     154 |     676 |  18.6 |       3 |      14 |  17.6 |  1170
           D:8 |       0 |     532 |   0.0 |       0 |       2 |   0.0 |   176
        Bailey |       0 |     827 |   0.0 |       0 |      33 |   0.0 |   807
               +---------+---------+-------+---------+---------+-------+---------
